 Dungeon Crawl Stone Soup version 0.31.0-9-g3a7656b989 (webtiles) character file.

Game seed: 5370007478150750807

55 Mahakala the Cudgeller (level 3, 0/23 HPs)
             Began as a Gargoyle Fighter on Jan 25, 2024.
             Slain by Terence
             ... wielding a +1 flail of venom
              (2 damage)
             ... on level 3 of the Dungeon.
             The game lasted 00:04:55 (1557 turns).

Mahakala the Cudgeller (Gargoyle Fighter)           Turns: 1557, Time: 00:04:55

Health: 0/23       AC: 11    Str: 21    XL:     3   Next: 93%
Magic:  3/3        EV:  9    Int:  8    God:
Gold:   102        SH:  4    Dex:  9    Spells: 2/2 levels left

rFire   . . .        q - +0 flail (drain)
rCold   . . .        c - +0 buckler
rNeg    + . .        b - +0 scale mail
rPois   ∞            (no helmet)
rElec   +            (no cloak)
rCorr   .            (no gloves)
SInv    .            o - +0 pair of boots
Will    .....        (no amulet) Stlth
                     (no ring)
HPRegen 0.23/turn    (no ring)
MPRegen 0.08/turn

%: no passive effects
@: mighty
A: sickness immunity, AC +3, negative energy resistance 1, electricity
resistance, torment resistance 1, petrification resistance
a: no special abilities


You were on level 3 of the Dungeon.
You visited 1 branch of the dungeon, and saw 3 of its levels.

You collected 102 gold pieces.

Inventory:

Hand Weapons
 a - a +0 flail
 q - a +0 flail of draining (weapon)
Missiles
 e - 5 stones (quivered)
 k - 3 silver javelins
 m - 6 boomerangs
Armour
 b - a +0 scale mail (worn)
 c - a +0 buckler (worn)
 o - a +0 pair of boots (worn)
Scrolls
 g - 3 scrolls of teleportation {unknown}
 h - 2 scrolls of identify {unknown}
 l - 2 scrolls of enchant weapon {unknown}
 p - a scroll of vulnerability {unknown}
Potions
 f - a potion of curing {unknown}
 i - 2 potions of brilliance {unknown}
 j - a potion of heal wounds {unknown}
 n - a potion of resistance {unknown}


   Skills:
 - Level 3.2 Fighting
 * Level 4.1 Maces & Flails
 - Level 3.2 Armour
 - Level 3.2 Shields


You had 2 spell levels left.
You didn't know any spells.
Your spell library contained the following spells:

 Spells                   Type           Power      Damage    Failure   Level
 Magic Dart               Conj           0%         1d3       82%         1
 Blink                    Tloc           0%         N/A       91%         2
 Call Imp                 Summ           0%         N/A       91%         2
 Ensorcelled Hibernation  Hex/Ice        0%         N/A       91%         2
 Fugue of the Fallen      Necr           0%         N/A       99%         3
 Ozocubu's Armour         Ice            0%         N/A       99%         3
 Passwall                 Erth           0%         N/A       99%         3
 Swiftness                Air            0%         N/A       99%         3
 Manifold Assault         Tloc           0%         N/A       100%        4


Dungeon Overview and Level Annotations

Branches:
Dungeon (3/15)

Altars:
Fedhas
Trog

Annotations:
D:3 Terence


Innate Abilities, Weirdness & Mutations

You are immune to sickness and miasma.
Your stone body is resilient. (AC +3)
You are immune to poison.
You resist negative energy. (rN+)
You are resistant to electric shocks. (rElec)
You are resistant to unholy torment.
You are immune to petrification.


Message History

Unknown command.
The bat attacks as it pursues you! The bat hits you but does no damage.
The bat barely misses you. The bat closely misses you.
You block the bat's attack. The bat hits you.
You barely miss the bat. The bat barely misses you. You block the bat's attack.
The bat hits you but does no damage.
You closely miss the bat. The bat barely misses you.
The bat hits you but does no damage.
You closely miss the bat. The bat hits you but does no damage. x2
You closely miss the ball python.
The ball python bites you but does no damage.
The ball python grabs you. The ball python constricts you.
You block the ball python's attack. The ball python constricts you.
You closely miss the ball python.
The ball python bites you but does no damage.
The ball python constricts you.
You hit the ball python.
You kill the ball python!
The bat hits you but does no damage. x2
You barely miss the bat. The bat hits you but does no damage.
You barely miss Terence. Terence barely misses you.
Terence hits you with a +1 flail of venom.
You closely miss Terence.
Terence hits you with a +1 flail of venom.
You closely miss Terence. Terence completely misses you.
You barely miss Terence. Terence hits you but does no damage.
You completely miss Terence. Terence hits you but does no damage.
Terence hits you with a +1 flail of venom.
* * * LOW HITPOINT WARNING * * *
Okay, then.
Okay, then.
Unknown command.
You feel very mighty all of a sudden.
Terence hits you with a +1 flail of venom!
* * * LOW HITPOINT WARNING * * *
You closely miss Terence.
Terence hits you with a +1 flail of venom.
You die...
Terence says, "That felt goooood."

..................#
............###
.#.#######.###
.............#
..........###
..#######.# #.# #.#
#.# #.# #@# #.#
#.####@#######.#
#.....b.....##.#
######.####.##.#
#..........#
#.####.###.#
#....<.?# #.# ###
..#.#.#.## #.#
...... #)#


You could see Terence and a bat.

Vanquished Creatures
  An adder (D:1)
  3 ribbon worms
  An orc (D:3)
  4 endoplasms
  2 giant cockroaches
  2 goblins (D:1)
  2 hobgoblins
  2 jackals (D:1)
  7 kobolds
  2 quokkas (D:1)
  5 ball pythons
  2 bats
  3 frilled lizards
  A rat (D:3)
37 creatures vanquished.

Notes
Turn   | Place    | Note
-------+----------+-------------------------------------------
     0 | D:1      | Mahakala the Gargoyle Fighter began the quest for the Orb.
     0 | D:1      | Reached XP level 1. HP: 14/14 MP: 1/1
    94 | D:1      | Reached XP level 2. HP: 16/19 MP: 2/2
   585 | D:1      | Reached skill level 3 in Maces & Flails
   631 | D:1      | Reached XP level 3. HP: 21/23 MP: 3/3
  1324 | D:3      | Reached skill level 4 in Maces & Flails
  1327 | D:3      | Found a blossoming altar of Fedhas.
  1327 | D:3      | Found a bloodstained altar of Trog.
  1538 | D:3      | Noticed Terence
  1557 | D:3      | Slain by Terence

Illustrated notes

Levels and vault maps discovered:
D:1:      scummos_arrival_gate, layout_loops_cross
D:2:      layout_rooms
D:3:      layout_basic, mainiacjoe_overflow_divided_tiny, st_stairs_12,
          minivault_11, uniq_terence

Skill      XL: |  1  2  3 |
---------------+----------+-----
Maces & Flails | 3 4 |  4.1
Fighting       | |  3.2
Armour         | |  3.2
Shields        | |  3.2

Action                     || total
---------------------------++-------
  Melee: Flail             ||   154
  Throw: Stone             ||     3
    Use: Potion            ||     1
 Armour: Scale mail        ||   109
  Dodge: Dodged            ||    79
  Block: Buckler           ||    22
